BSA
BOSTON REBELS @ JERSEY SHORE D-BAGS
08/06/2027
 
TOP OF THE 1ST
Boston Rebels batting - Pitching for Jersey Shore D-Bags : RHP Sergio Martínez
Pitching: RHP Sergio Martínez
Batting: RHB Aaron Washington 0-0: Ball
1-0: Ball
2-0: Called Strike
2-1: Ball
3-1: Fly out, F9 (Flyball, 9LS)
Batting: LHB Bill Wilson 0-0: SINGLE (Groundball, 34S) (infield hit)
Batting: LHB Bill Wilson 0-0: Ball
1-0: Foul Ball, location: 2F
1-1: Ball
2-1: Fly out, F7 (Flyball, 7LM)
Batting: LHB Miguel Rivería 0-0: SINGLE (Flyball, 4D)
Bill Wilson to second
Runner from 2nd tries for 3rd, SAFE, throw made to third
Batting: LHB Arturo Molina 0-0: SINGLE (Groundball, 6MD)
Bill Wilson scores
Miguel Rivería to second
Batting: RHB Gerardo Escobedo 0-0: Reached on error, E4 (Groundball, 4)
Miguel Rivería to third
Arturo Molina to second
Batting: RHB Pedro Rodríguez 0-0: Foul Ball, location: 2F
0-1: Foul Ball, location: 2F
0-2: Ball
1-2: Fly out, F7 (Flyball, 7)
Top of the 1st over - 1 run(s), 3 hit(s), 1 error(s), 3 left on base; Boston 1 - Jersey Shore 0
BOTTOM OF THE 1ST
Jersey Shore D-Bags batting - Pitching for Boston Rebels : RHP Ki-tong Shiu
Pitching: RHP Ki-tong Shiu
Batting: RHB Ricardo González 0-0: Ball
1-0: Ball
2-0: Called Strike
2-1: Ball
3-1: SINGLE (Groundball, 56D)
Batting: RHB Millard Boyd 0-0: Ball
1-0: Called Strike
1-1: Called Strike
Pickoff Throw by Catcher to First - Out!
1-2: Ball
2-2: Foul Ball, location: 2F
2-2: Foul Ball, location: 2F
2-2: Foul Ball, location: 2F
2-2: Ground out 6-3 (Groundball, 56)
Batting: LHB Dave Dodd 0-0: Called Strike
0-1: Foul Ball, location: 2F
0-2: Ball
1-2: Ball
2-2: Ground out U3 (Groundball, 3L)
Bottom of the 1st over - 0 run(s), 1 hit(s), 0 error(s), 0 left on base; Boston 1 - Jersey Shore 0
TOP OF THE 2ND
Boston Rebels batting - Pitching for Jersey Shore D-Bags : RHP Sergio Martínez
Batting: LHB Ricardo Brandariz 0-0: Swinging Strike
0-1: Ball
1-1: Swinging Strike
1-2: Foul Ball, location: 2F
1-2: Strikes out looking
Batting: RHB Alberto Ramos 0-0: Ball
1-0: Ball
2-0: Called Strike
2-1: Called Strike
2-2: Foul Ball, location: 2F
2-2: Foul Ball, location: 2F
2-2: Ball
3-2: Strikes out swinging
Batting: RHB Aaron Washington 0-0: Fly out, F9 (Line Drive, 89M)
Top of the 2nd over - 0 run(s), 0 hit(s), 0 error(s), 0 left on base; Boston 1 - Jersey Shore 0
BOTTOM OF THE 2ND
Jersey Shore D-Bags batting - Pitching for Boston Rebels : RHP Ki-tong Shiu
Batting: RHB Miguel Serna 0-0: Fly out, F5 (Popup, 5S)
Batting: RHB Alfredo Rivera 0-0: Ball
1-0: Ball
2-0: SINGLE (Line Drive, 3D)
Batting: LHB Albert Morgan 0-0: Called Strike
0-1: Fielders Choice at 2nd, 3-6 (Groundball, 3)
Batting: RHB Luis Ríos 0-0: Ball
1-0: Foul Ball, location: 2F
1-1: Ball
2-1: Swinging Strike
2-2: Ball
3-2: Base on Balls
Albert Morgan to second
Batting: LHB José Esparza 0-0: Called Strike
0-1: Ball
1-1: Foul Ball, location: 2F
1-2: Foul Ball, location: 2F
1-2: Foul Ball, location: 2F
1-2: Ball
2-2: DOUBLE (Line Drive, 78M)
Albert Morgan scores
Luis Ríos to third
Batting: RHB Cy Keynes 0-0: Called Strike
0-1: Ball
1-1: Foul Ball, location: 2F
1-2: Ball
2-2: Foul Ball, location: 2F
2-2: Foul Ball, location: 2F
2-2: Ground out 5-3 (Groundball, 56)
Bottom of the 2nd over - 1 run(s), 2 hit(s), 0 error(s), 2 left on base; Boston 1 - Jersey Shore 1
TOP OF THE 3RD
Boston Rebels batting - Pitching for Jersey Shore D-Bags : RHP Sergio Martínez
Batting: LHB Bill Wilson 0-0: Ground out U3 (Groundball, 34)
Batting: LHB Bill Wilson 0-0: Called Strike
0-1: Swinging Strike
0-2: Ball
1-2: Strikes out looking
Batting: LHB Miguel Rivería 0-0: Ground out 4-3 (Groundball, 4)
Top of the 3rd over - 0 run(s), 0 hit(s), 0 error(s), 0 left on base; Boston 1 - Jersey Shore 1
BOTTOM OF THE 3RD
Jersey Shore D-Bags batting - Pitching for Boston Rebels : RHP Ki-tong Shiu
Batting: RHB Ricardo González 0-0: Ball
1-0: Foul Ball, location: 2F
1-1: Foul Ball, location: 2F
1-2: Strikes out swinging
Batting: RHB Millard Boyd 0-0: Ball
1-0: Called Strike
1-1: Ball
2-1: SOLO HOME RUN (Flyball, 89XD), Distance : 413 ft
Batting: LHB Dave Dodd 0-0: Fly out, F7 (Flyball, 7LDF)
Batting: RHB Miguel Serna 0-0: Called Strike
0-1: Ball
1-1: Swinging Strike
1-2: Foul Ball, location: 2F
1-2: Fly out, F2 (Popup, 34S)
Bottom of the 3rd over - 1 run(s), 1 hit(s), 0 error(s), 0 left on base; Boston 1 - Jersey Shore 2
TOP OF THE 4TH
Boston Rebels batting - Pitching for Jersey Shore D-Bags : RHP Sergio Martínez
Batting: LHB Arturo Molina 0-0: Ball
1-0: Ball
2-0: Foul Ball, location: 2F
2-1: Called Strike
2-2: Strikes out swinging
Batting: RHB Gerardo Escobedo 0-0: Called Strike
0-1: Called Strike
0-2: Ground out 5-3 (Groundball, 56S)
Batting: RHB Pedro Rodríguez 0-0: Ball
1-0: Ball
2-0: Ground out 5-3 (Groundball, 5)
Top of the 4th over - 0 run(s), 0 hit(s), 0 error(s), 0 left on base; Boston 1 - Jersey Shore 2
BOTTOM OF THE 4TH
Jersey Shore D-Bags batting - Pitching for Boston Rebels : RHP Ki-tong Shiu
Batting: RHB Alfredo Rivera 0-0: Ball
1-0: Foul Ball, location: 2F
1-1: Swinging Strike
1-2: Reached on error, E3 (Groundball, 34)
Batting: LHB Albert Morgan 0-0: Ball
1-0: Ground out 4-3 (Groundball, 4MS)
Alfredo Rivera to second
Batting: RHB Luis Ríos 0-0: Ball
1-0: Called Strike
1-1: Ball
2-1: Ball
3-1: Swinging Strike
3-2: Fly out, F5 (Line Drive, 5)
Batting: LHB José Esparza 0-0: Ball
1-0: Ground out 4-3 (Groundball, 4)
Bottom of the 4th over - 0 run(s), 0 hit(s), 1 error(s), 1 left on base; Boston 1 - Jersey Shore 2
TOP OF THE 5TH
Boston Rebels batting - Pitching for Jersey Shore D-Bags : RHP Sergio Martínez
Batting: LHB Ricardo Brandariz 0-0: Ball
1-0: Ground out 3-1 (Groundball, 34)
Batting: RHB Alberto Ramos 0-0: Called Strike
0-1: Fly out, F3 (Popup, 3L)
Batting: RHB Aaron Washington 0-0: Swinging Strike
0-1: Ball
1-1: Foul Ball, location: 2F
1-2: Ball
2-2: Ball
3-2: Ground out 1-3 (Groundball, P)
Top of the 5th over - 0 run(s), 0 hit(s), 0 error(s), 0 left on base; Boston 1 - Jersey Shore 2
BOTTOM OF THE 5TH
Jersey Shore D-Bags batting - Pitching for Boston Rebels : RHP Ki-tong Shiu
Batting: RHB Cy Keynes 0-0: Called Strike
0-1: Foul Ball, location: 2F
0-2: Ball
1-2: Ball
2-2: DOUBLE (Line Drive, 8LXD)
Batting: RHB Ricardo González 0-0: Called Strike
0-1: Ball
1-1: Ball
2-1: Foul Ball, location: 2F
2-2: Foul Ball, location: 2F
2-2: SINGLE (Groundball, 56S) (infield hit)
Cy Keynes to third
Batting: RHB Millard Boyd 0-0: Foul Ball, location: 2F
0-1: Foul Ball, location: 2F
0-2: Ball
1-2: Foul Ball, location: 2F
1-2: Ball
2-2: Ball
3-2: Grounds into double play, 6-4-3 (Groundball, 6)
Cy Keynes scores
Batting: LHB Dave Dodd 0-0: Ball
1-0: Ball
2-0: Fly out, F7 (Flyball, 7S)
Bottom of the 5th over - 1 run(s), 2 hit(s), 0 error(s), 0 left on base; Boston 1 - Jersey Shore 3
TOP OF THE 6TH
Boston Rebels batting - Pitching for Jersey Shore D-Bags : RHP Sergio Martínez
Batting: LHB Bill Wilson 0-0: Called Strike
0-1: Swinging Strike
0-2: Ball
1-2: Ball
2-2: Foul Ball, location: 2F
2-2: DOUBLE (Line Drive, 5D)
Batting: LHB Bill Wilson 0-0: Ball
1-0: Ball
2-0: Foul Ball, location: 2F
2-1: Ball
3-1: Base on Balls
Batting: LHB Miguel Rivería 0-0: Ball
1-0: Ball
2-0: Swinging Strike
2-1: Foul Ball, location: 2F
2-2: Fly out, F9 (Flyball, 9S)
Batting: LHB Arturo Molina 0-0: Ball
1-0: Foul Ball, location: 2F
1-1: 3-RUN HOME RUN (Flyball, 7LD), Distance : 362 ft
Batting: RHB Gerardo Escobedo 0-0: Ground out 6-3 (Groundball, 6)
Batting: RHB Pedro Rodríguez 0-0: Ball
1-0: Called Strike
1-1: Swinging Strike
1-2: Strikes out swinging
Top of the 6th over - 3 run(s), 2 hit(s), 0 error(s), 0 left on base; Boston 4 - Jersey Shore 3
BOTTOM OF THE 6TH
Jersey Shore D-Bags batting - Pitching for Boston Rebels : RHP Ki-tong Shiu
Batting: RHB Miguel Serna 0-0: Called Strike
0-1: Foul Ball, location: 2F
0-2: Ball
1-2: Ball
2-2: Ground out 4-3 (Groundball, 4)
Batting: RHB Alfredo Rivera 0-0: Ball
1-0: Ball
2-0: Swinging Strike
2-1: SINGLE (Groundball, 34D)
Batting: LHB Albert Morgan 0-0: Ball
1-0: Called Strike
Throwing error on steal attempt, E2
Alfredo Rivera to third
1-1: Ground out 4-3 (Groundball, 4MS)
Batting: RHB Luis Ríos 0-0: Ball
1-0: SINGLE (Groundball, 6MD)
Alfredo Rivera scores
Batting: LHB José Esparza 0-0: Foul Ball, location: 2F
0-1: Ball
1-1: SINGLE (Line Drive, 4D)
Luis Ríos to second
Batting: RHB Cy Keynes 0-0: Swinging Strike
0-1: Ball
1-1: Ball
2-1: Ball
3-1: Base on Balls
Luis Ríos to third
José Esparza to second
Batting: RHB Ricardo González 0-0: Ball
1-0: Foul Ball, location: 2F
1-1: Ball
2-1: Called Strike
2-2: Fly out, F7 (Flyball, 7LM)
Bottom of the 6th over - 1 run(s), 3 hit(s), 1 error(s), 3 left on base; Boston 4 - Jersey Shore 4
TOP OF THE 7TH
Boston Rebels batting - Pitching for Jersey Shore D-Bags : RHP Sergio Martínez
Batting: LHB Ricardo Brandariz 0-0: Ball
1-0: Ball
2-0: SINGLE (Groundball, 6D)
Batting: RHB Alberto Ramos 0-0: Bunted foul
0-1: Sac Bunt - play at first, batter OUT! 1-4
Ricardo Brandariz to second
Batting: RHB Aaron Washington 0-0: Ball
1-0: SINGLE (Line Drive, 78S)
Ricardo Brandariz to third
Runner from 3rd tries for Home, SAFE, no throw
Pitching: RHP John Hall
Batting: LHB Bill Wilson 0-0: Foul Ball, location: 2F
0-1: Fly out, F7 (Flyball, 78M)
Pitching: LHP José Zamora
Batting: LHB Bill Wilson 0-0: Ball
1-0: Called Strike
1-1: SINGLE (Line Drive, 78S)
Aaron Washington to second
Batting: LHB Miguel Rivería 0-0: DOUBLE (Line Drive, 9D)
Aaron Washington scores
Bill Wilson to third
Pitching: RHP Cristóbal Santos
Batting: LHB Arturo Molina 0-0: Intentional Walk
Batting: RHB Gerardo Escobedo 0-0: Ball
1-0: Foul Ball, location: 2F
1-1: Ball
2-1: SINGLE (Groundball, 6MD)
Bill Wilson scores
Miguel Rivería to third
Arturo Molina to second
Runner from 3rd tries for Home, SAFE, no throw
Batting: RHB Pedro Rodríguez 0-0: Called Strike
0-1: Foul Ball, location: 2F
0-2: Ball
1-2: Foul Ball, location: 2F
1-2: Foul Ball, location: 2F
1-2: Ball
2-2: Foul Ball, location: 2F
2-2: Ball
3-2: Base on Balls
Arturo Molina to third
Gerardo Escobedo to second
Batting: LHB Ricardo Brandariz 0-0: Called Strike
0-1: Ball
1-1: GRAND SLAM HOME RUN (Line Drive, 9D), Distance : 385 ft
Pitching: RHP Johnathan Phillips
Batting: RHB Alberto Ramos 0-0: Called Strike
0-1: Fly out, F8 (Flyball, 8RM)
Top of the 7th over - 8 run(s), 6 hit(s), 0 error(s), 0 left on base; Boston 12 - Jersey Shore 4
BOTTOM OF THE 7TH
Jersey Shore D-Bags batting - Pitching for Boston Rebels : RHP Ki-tong Shiu
Pitching: RHP Alfredo Ruíz
Batting: RHB Millard Boyd 0-0: Ball
1-0: Ball
2-0: Ball
3-0: Called Strike
3-1: Ground out 1-3 (Groundball, 13S)
Batting: LHB Dave Dodd 0-0: Ball
1-0: Ball
2-0: Foul Ball, location: 2F
2-1: Ball
3-1: Ground out 4-3 (Groundball, 4D)
Batting: RHB Miguel Serna 0-0: Foul Ball, location: 2F
0-1: Foul Ball, location: 2F
0-2: Ball
1-2: Foul Ball, location: 2F
1-2: Ball
2-2: Ground out 4-3 (Groundball, 4M)
Bottom of the 7th over - 0 run(s), 0 hit(s), 0 error(s), 0 left on base; Boston 12 - Jersey Shore 4
TOP OF THE 8TH
Boston Rebels batting - Pitching for Jersey Shore D-Bags : RHP Johnathan Phillips
Batting: RHB Aaron Washington 0-0: Ball
1-0: Called Strike
1-1: Ball
2-1: Foul Ball, location: 2F
2-2: Foul Ball, location: 2F
2-2: Strikes out swinging
Batting: LHB Bill Wilson 0-0: Ground out 4-3 (Groundball, 4)
Batting: LHB Bill Wilson 0-0: Ball
1-0: Ball
2-0: Foul Ball, location: 2F
2-1: Ball
3-1: DOUBLE (Line Drive, 78XD)
Batting: LHB Miguel Rivería 0-0: Ball
1-0: Fly out, F4 (Popup, 4)
Top of the 8th over - 0 run(s), 1 hit(s), 0 error(s), 1 left on base; Boston 12 - Jersey Shore 4
BOTTOM OF THE 8TH
Jersey Shore D-Bags batting - Pitching for Boston Rebels : RHP Alfredo Ruíz
Batting: RHB Alfredo Rivera 0-0: Ball
1-0: Foul Ball, location: 2F
1-1: Foul Ball, location: 2F
1-2: Ball
2-2: Ball
3-2: Foul Ball, location: 2F
3-2: SINGLE (Line Drive, 7LS)
Batting: LHB Albert Morgan 0-0: Called Strike
0-1: Ball
1-1: Fly out, F7 (Line Drive, 7)
Batting: RHB Luis Ríos 0-0: SINGLE (Flyball, 78S)
Alfredo Rivera to second
Alfredo Rivera to third
Batting: LHB José Esparza 0-0: Foul Ball, location: 2F
0-1: Foul Ball, location: 2F
0-2: Ball
1-2: Foul Ball, location: 2F
1-2: Ball
2-2: Fly out, F9 (Flyball, 89S)
Batting: RHB Cy Keynes 0-0: Called Strike
0-1: Ball
1-1: Foul Ball, location: 2F
1-2: Ball
2-2: Fly out, F7 (Line Drive, 78M)
Bottom of the 8th over - 0 run(s), 2 hit(s), 0 error(s), 2 left on base; Boston 12 - Jersey Shore 4
TOP OF THE 9TH
Boston Rebels batting - Pitching for Jersey Shore D-Bags : RHP Johnathan Phillips
Batting: LHB Arturo Molina 0-0: Called Strike
0-1: SINGLE (Flyball, 8RS)
Batting: RHB Gerardo Escobedo 0-0: Called Strike
0-1: SINGLE (Groundball, 4MD)
Arturo Molina to second
Batting: RHB Pedro Rodríguez 0-0: Ball
1-0: Ball
2-0: Ball
3-0: Base on Balls
Arturo Molina to third
Gerardo Escobedo to second
Batting: LHB Ricardo Brandariz 0-0: Foul Ball, location: 2F
0-1: SINGLE (Line Drive, 8RS)
Arturo Molina scores
Gerardo Escobedo to third
Pedro Rodríguez to second
Batting: RHB Alberto Ramos 0-0: Ball
1-0: Fly out, F9 (Flyball, 9D)
Runner from 3rd tags up, SCORES, no throw
Batting: RHB Aaron Washington 0-0: Called Strike
0-1: Called Strike
0-2: Ball
1-2: Foul Ball, location: 2F
1-2: Fielders Choice at 2nd, 4-6 (Groundball, 4)
Pedro Rodríguez to third
Batting: LHB Bill Wilson Balk!
Pedro Rodríguez scores
Aaron Washington to second
Pitching: RHP Luis Cortéz 0-0: Called Strike
0-1: Ball
1-1: Ball
2-1: Ball
3-1: Base on Balls
Batting: LHB Bill Wilson 0-0: Foul Ball, location: 2F
0-1: Swinging Strike
0-2: Foul Ball, location: 2F
0-2: Ball
1-2: Strikes out looking
Top of the 9th over - 3 run(s), 3 hit(s), 0 error(s), 2 left on base; Boston 15 - Jersey Shore 4
BOTTOM OF THE 9TH
Jersey Shore D-Bags batting - Pitching for Boston Rebels : RHP Alfredo Ruíz
Batting: RHB Ricardo González 0-0: Foul Ball, location: 2F
0-1: Ball
1-1: SINGLE (Groundball, 34D)
Batting: RHB Millard Boyd
Pinch Hitting: RHB Derek Ramsey 0-0: Grounds into double play, 4-6-3 (Groundball, 34)
Batting: LHB Dave Dodd 0-0: Called Strike
0-1: Ball
1-1: Called Strike
1-2: Ball
2-2: SINGLE (Line Drive, 56D)
Batting: RHB Miguel Serna 0-0: Called Strike
0-1: Ball
1-1: SINGLE (Groundball, 6M) (infield hit)
Dave Dodd to second
Batting: RHB Alfredo Rivera 0-0: Ball
1-0: Ball
2-0: Foul Ball, location: 2F
2-1: 3-RUN HOME RUN (Flyball, 7D), Distance : 384 ft
Pitching: LHP Yoshihiro Hasegawa
Batting: LHB Albert Morgan 0-0: Ball
1-0: Foul Ball, location: 2F
1-1: Ball
2-1: Foul Ball, location: 2F
2-2: Foul Ball, location: 2F
2-2: Foul Ball, location: 2F
2-2: Ball
3-2: Foul Ball, location: 2F
3-2: Strikes out swinging
Bottom of the 9th over - 3 run(s), 4 hit(s), 0 error(s), 0 left on base; Boston 15 - Jersey Shore 7
Thursday, March 30th, 2017 - OOTP Baseball 17.12 Build 75